 Dungeon Crawl Stone Soup version 0.18-a0-596-g6468885 (webtiles) character file.

259576 M4edhros the Unseen (level 20, -3/84 HPs)
             Began as an Octopode Artificer on Dec 3, 2015.
             Was a High Priest of Fedhas.
             Slain by a fire giant
             ... wielding a +4 great sword of flaming
              (4 damage)
             ... on level 4 of the Vaults.
             The game lasted 03:13:37 (52725 turns).

M4edhros the Unseen (Octopode Artificer)           Turns: 52725, Time: 03:13:37

Health: -3/84      AC: 16    Str:  8    XL:     20   Next: 32%
Magic:  0/44       EV: 31    Int: 30    God:    Fedhas [*****.]
Gold:   1753       SH: 12    Dex: 19    Spells: 10 memorised, 3 levels left

rFire  + . .     SeeInvis +     a - +9 hunting sling of Untruth {velocity, rPois}
rCold  + + .     Clarity  .     h - +0 shield {AC+3}
rNeg   . . .     SustAt   .     P - +3 hat of Pondering {ponderous, MR+ MP+10 Int+5}
rPois  +         Gourm    .     o - amulet of guardian spirit
rElec  +         Spirit   +     G - ring "Zurak" {rElec MR++ EV+1 Dex-3 SInv}
rCorr  .         Dismiss  .     (no ring)
rMut   .         Stasis   .     M - ring of Untruth {rF+ rC+ AC+3 Dex+3 Stlth+}
MR     ++++.                    F - ring of wizardry
Stlth  +++++++++.               T - ring of invisibility (curse)
                                O - +3 ring of intelligence
                                L - +4 ring of dexterity (curse)
                                Q - ring of wizardry

@: phasing, very slightly contaminated, slow, incredibly resistant to hostile
enchantments, incredibly stealthy
A: almost no armour, amphibious, 8 rings, constrict 8, rough black scales 1,
slimy green scales 1, camouflage 1, agile 1, clever 1, cold resistance 1, frail
3, sense surroundings 1, weak 2, gelatinous body 1
a: Evolution, Sunlight, Growth, Reproduction, Rain, Renounce Religion, Evoke
Invisibility
}: 1/15 runes: decaying


You were on level 4 of the Vaults.
You worshipped Fedhas.
Fedhas was extremely pleased with you.
You were near starving.

You visited 7 branches of the dungeon, and saw 39 of its levels.
You also visited: Sewer, Ice Cave and Volcano.

You collected 4554 gold pieces.
You spent 2801 gold pieces at shops.

Inventory:

Hand Weapons
 a - the +9 hunting sling of Untruth (weapon) {velocity, rPois}
   (You found it in an ice cave)

   Any stone fired from it inflicts extra damage.
   It protects you from poison.
 c - a +2 demon blade of freezing
 q - the +9 blowgun "Killer Bee's Death" {speed, +Blink rN+ Str+5}
   (You bought it in a shop on level 2 of the Elven Halls)

   Attacks with this weapon are significantly faster.
   It affects your strength (+5).
   It protects you from negative energy.
   It lets you blink.
 E - a +0 dagger of electrocution
 Y - a +3 greatsling of flaming
Missiles
 r - 3 curare-tipped needles
 w - 50 sling bullets
 y - 69 stones (quivered)
Armour
 h - a +0 shield of protection (worn)
 P - the +3 hat of Pondering (worn) {ponderous, MR+ MP+10 Int+5}
   (You took it off Gastronok on level 8 of the Dungeon)

   It affects your intelligence (+5).
   It affects your resistance to hostile enchantments.
   It affects your magic capacity (+10).
Rods
 f - a +4 rod of clouds (11/17)
   (You found it on level 3 of the Elven Halls)
 W - a +9 iron rod (12/12)
   (You took it off a deep elf annihilator on level 3 of the Elven Halls)
Jewellery
 i - an uncursed ring of stealth
 o - an amulet of guardian spirit (around mantle)
 s - an uncursed amulet of resist corrosion {unknown}
 A - an uncursed ring of teleportation
 F - a ring of wizardry (on tentacle)
 G - the ring "Zurak" (left tentacle) {rElec MR++ EV+1 Dex-3 SInv}
   (You bought it in a shop on level 10 of the Dungeon)

   [ring of evasion]

   It affects your evasion (+1).
   It affects your dexterity (-3).
   It insulates you from electricity.
   It affects your resistance to hostile enchantments.
   It lets you see invisible.
 I - a +2 ring of protection
 L - a cursed +4 ring of dexterity (on tentacle)
 M - the ring of Untruth (on tentacle) {rF+ rC+ AC+3 Dex+3 Stlth+}
   (You took it off a deep elf annihilator on level 3 of the Elven Halls)

   [ring of protection]

   It affects your AC (+3).
   It affects your dexterity (+3).
   It protects you from fire.
   It protects you from cold.
   It makes you more stealthy.
 O - a +3 ring of intelligence (on tentacle)
 Q - a ring of wizardry (on tentacle)
 T - a cursed ring of invisibility (on tentacle)
 X - an uncursed ring of wizardry
Wands
 j - a wand of confusion (9)
 t - a wand of paralysis (8)
 C - a wand of cold (5)
 H - a wand of teleportation (5)
 J - a wand of disintegration (15)
 S - a wand of teleportation (6)
Scrolls
 m - a scroll of torment
 u - 3 scrolls of fog
 v - a scroll of teleportation
 z - 6 scrolls of fear
 K - a scroll of brand weapon
 R - 2 scrolls of summoning
 U - 2 scrolls of recharging
 Z - 3 scrolls of identify
Potions
 l - a potion of haste
 n - 4 potions of agility
 p - a potion of might
 x - a potion of invisibility
 B - 3 potions of curing
Books
 k - a book of the Earth

   Spells                             Type                      Level
   a - Leda's Liquefaction            Hexes/Earth                  4
   b - Bolt of Magma                  Conjuration/Fire/Earth       5
   c - Statue Form                    Transmutation/Earth          6
   d - Iron Shot                      Conjuration/Earth            6
   e - Shatter                        Earth                        9
 V - the Almanac of Boosts and the Glacier
   (You found it on level 4 of the Vaults)

   Spells                             Type                      Level
   a - Song of Slaying                Charms                       2
   b - Spectral Weapon                Hexes/Charms                 3
   c - Condensation Shield            Ice                          4
   d - Iskenderun's Battlesphere      Conjuration/Charms           5
   e - Ozocubu's Refrigeration        Ice                          6
Miscellaneous
 b - a lamp of fire (inert)
 d - a fan of gales (inert)
 D - a disc of storms
Comestibles
 e - a bread ration
 N - 33 fruits


   Skills:
 - Level 5.9 Fighting
 - Level 1.0 Short Blades
 - Level 12.9 Slings
 - Level 12.4 Dodging
 - Level 16.8 Stealth
 - Level 12.4 Shields
 + Level 10.7 Spellcasting
 - Level 8.3 Conjurations
 - Level 5.6 Charms
 - Level 7.0 Summonings
 - Level 7.0 Translocations
 + Level 5.7 Transmutations
 - Level 5.0 Fire Magic
 + Level 6.2 Earth Magic
 - Level 12.1 Invocations
 - Level 13.9 Evocations


You had 3 spell levels left.
You knew the following spells:

 Your Spells              Type           Power        Failure   Level  Hunger
a - Recall                Summ/Tloc      N/A          1%          3    None
b - Sticky Flame          Conj/Fire      ######..     1%          4    None
c - Shroud of Golubria    Chrm/Tloc      ######....   1%          2    None
d - Passage of Golubria   Tloc           N/A          1%          4    None
e - Apportation           Tloc           ######....   1%          1    None
f - Portal Projectile     Tloc           ######       1%          3    None
g - Phase Shift           Tloc           ######....   2%          5    ###....
h - Passwall              Trmt/Erth      ######....   1%          3    None
i - Statue Form           Trmt/Erth      ######...    22%         6    #####..
j - Iron Shot             Conj/Erth      ######....   11%         6    #####..


Dungeon Overview and Level Annotations

Branches:
Dungeon (15/15)            Temple (1/1) D:6            Lair (8/8) D:10
  Swamp (4/4) Lair:6        Snake (0/4) Lair:3        Slime (0/6) Lair:6
    Orc (4/4) D:12            Elf (3/3) Orc:4        Vaults (4/5) D:14
  Crypt (0/3) Vaults:3     Depths (0/5) D:15

Altars:
Ashenzari
Cheibriados
Dithmenos
Elyvilon
Fedhas
Gozag
Kikubaaqudgha
Makhleb
Nemelex Xobeh
Okawaru
Qazlal
Ru
Sif Muna
Trog
Vehumet
Xom
Yredelemnul
Zin
The Shining One
Beogh
Jiyva

Shops:
D:6 =   D:9 [   D:10 =   D:12 !   Orc:1 ?[[!*   Orc:4 [*[!   Elf:2 (
Vaults:2 [(   Vaults:4 *:

Annotations:
Lair:6 1 runed door
Swamp:3 Donald
Elf:1 exclusion: death drake
Elf:2 exclusion: Roxanne, Nikola; Roxanne; WhatIsLove's ghost, adept TrTm


Innate Abilities, Weirdness & Mutations

You cannot wear most types of armour.
You are amphibious.
You can wear up to eight rings at the same time.
You can use your tentacles to constrict eight enemies at once.
Your skin changes colour to match your surroundings (Stealth).
Your rubbery body absorbs attacks (AC +1).
You are partially covered in rough black scales (AC +4, Dex -1).
You are partially covered in slimy green scales (AC +2).
You are agile. (Dex +2)
Your mind is acute. (Int +2)
Your flesh is cold resistant.
You are extremely frail (-30% HP).
You passively map a small area around you.
You are very weak. (Str -4)


Message History

Things that are here:
a flail; a ring mail
Casting: Phase Shift
Confirm with . or Enter, or press ? or * to list all spells.
You feel the strange sensation of being on two planes at once.
You hear a shout!
Casting: Phase Shift
Confirm with . or Enter, or press ? or * to list all spells.
Okay, then.
You start resting.
Casting: Phase Shift
Confirm with . or Enter, or press ? or * to list all spells.
You miscast Statue Form.
Rocks fall onto you out of nowhere!
* * * LOW HITPOINT WARNING * * *
You are near starving!
The fire giant hits you with a great sword of flaming!!
* * * LOW HITPOINT WARNING * * *
The fire giant burns you.
You die...
Fedhas appreciates your contribution to the ecosystem.

.......)..##################
)....)....(.#.....#.....#..#
........).#...##)...##.....#
..........#......#.....#...#
..........#..#...?.#.....#.#
...)......#####++++#########
...)).....# #..)..#
..........# #.....#
..........# #..@..#
..........# #.C####
..........# #.....#
..........# #.....#
..........# #.....#
....C.....# ####..########
######'#######.....#......#
#......##.....#......#
#......##.....#......#


You could see a fire giant.

Vanquished Creatures
  A tentacled monstrosity (Vaults:4)
  2 deep elf blademasters (Elf:3)
  2 deep elf master archers (Elf:3)
  A sphinx (Vaults:4)
  A storm dragon (Vaults:3)
  A tengu reaver (Vaults:4)
  A fire giant (Vaults:3)
  8 vault wardens
  3 frost giants
  Louise (Elf:3)
  7 deep elf sorcerers (Elf:3)
  An orc warlord (Orc:4)
  2 very ugly things (Vaults:2)
  5 ironheart preservers
  4 stone giants
  A salamander stormcaller (Vaults:3)
  9 deep elf demonologists (Elf:3)
  2 dire elephants (Lair:8)
  An ettin (Vaults:2)
  12 deep elf annihilators (Elf:3)
  7 deep elf death magi
  Snorg (Orc:3)
  8 vault guards
  2 fire dragons
  Josephine (Orc:4)
  8 yaktaur captains
  3 deep elf high priests
  3 great orbs of eyes
  12 hydras
  A catoblepas (D:13)
  A ghost crab (Swamp:3)
  3 dancing weapons (Elf:2)
  An anaconda (Lair:8)
  5 centaur warriors
  7 alligators
  10 ogre magi
  4 death yaks
  A vampire mage (Vaults:3)
  2 orc high priests (Elf:3)
  15 deep elf knights
  An unseen horror (shapeshifter) (Elf:3)
  An unseen horror (D:13)
  2 shadow wraiths
  3 skeletal warriors (D:15)
  7 deep elf summoners
  4 deep trolls
  A giant orange brain (Vaults:1)
  2 spriggan druids
  5 swamp dragons
  A wizard (Vaults:1)
  3 hill giants
  Pikel (D:5)
  11 orc knights
  17 deep elf conjurers
  A flayed ghost (D:15)
  An orc sorcerer (Orc:4)
  19 ugly things
  2 orb spiders (shapeshifter)
  5 necromancers
  6 ironbrand convokers
  3 griffons
  2 hornets
  2 wolf spiders
  5 cyclopes
  6 slime creatures
  A manticore (D:14)
  3 harpies (Vaults:2)
  A molten gargoyle (Volcano)
  3 wandering mushrooms (D:8)
  Joseph (D:7)
  7 vault sentinels
  A stone giant skeleton (Vaults:3)
  A gargoyle (Volcano)
  6 elephants
  3 ice statues (IceCv)
  7 black mambas
  17 yaktaurs
  10 spiny frogs
  3 freezing wraiths
  2 komodo dragons
  A yaktaur skeleton (D:15)
  A fire drake (Lair:5)
  5 trolls
  15 deep elf priests
  18 two-headed ogres
  A polar bear (shapeshifter) (Vaults:4)
  8 giant leeches
  A jumping spider (shapeshifter) (Elf:3)
  5 boulder beetles
  4 shadows
  13 blink frogs
  A sphinx simulacrum (Vaults:3)
  3 large abominations
  A redback (Vaults:2)
  Sigmund (D:5)
  24 deep elf magi
  A trapdoor spider (shapeshifter) (Vaults:2)
  A wraith (D:14)
  3 ettin skeletons
  3 vampires (Vaults:3)
  A golden eye (shapeshifter) (Vaults:3)
  28 deep elf fighters
  A spriggan (shapeshifter) (Vaults:1)
  A fire elemental (Volcano)
  3 fire bats (Lair:3)
  4 mottled dragons
  20 yaks
  15 vampire mosquitoes
  Grum (D:8)
  2 wyverns
  8 hippogriffs
  2 hungry ghosts
  9 wolves
  Menkaure (D:5)
  18 swamp worms
  6 wargs
  6 insubstantial wisps
  A naga (shapeshifter) (Vaults:1)
  2 soldier ants (shapeshifter)
  8 swamp drakes
  9 water moccasins
  13 ice beasts
  7 porcupines
  Purgy (Sewer)
  31 orc warriors
  A black bear (shapeshifter) (Vaults:1)
  4 phantoms
  A slave (D:5)
  2 black bears
  An eye of draining (D:9)
  5 sky beasts
  39 ogres
  11 centaurs
  7 crocodiles
  23 giant frogs
  A big kobold (D:10)
  2 elf skeletons (Elf:1)
  2 human skeletons (Vaults:2)
  5 scorpions
  A water moccasin skeleton (D:5)
  2 human simulacra
  4 electric eels
  7 wights
  A crimson imp (D:5)
  33 orc priests
  37 orc wizards
  3 quasits
  2 jellies (D:11)
  6 iguanas
  2 centaur skeletons
  10 hounds
  Terence (D:3)
  3 giant frog skeletons
  A statue (D:6)
  12 worker ants
  7 sheep
  A hound skeleton (D:8)
  41 river rats
  16 adders
  4 gnolls (D:3)
  2 shadow imps
  2 adder zombies
  2 oozes (D:3)
  6 worms
  4 adder skeletons
  174 orcs
  2 goblins
  8 hobgoblins
  7 quokkas
  A ball python (D:3)
  5 bats
  5 giant cockroaches
  5 giant geckos
  A giant gecko skeleton (D:4)
  7 giant newts
  7 jackals
  18 kobolds
  A quokka skeleton (D:4)
  A quokka zombie (D:7)
  7 rats
  9 ballistomycetes
  4 giant spores
  A hyperactive ballistomycete (Elf:3)
1222 creatures vanquished.

Vanquished Creatures (collateral kills)
  Mara (Swamp:4)
  An oklob plant (Swamp:4)
  Gastronok (D:8)
  A tengu reaver (Vaults:4)
  A deep elf sorcerer (Elf:3)
  An orc warlord (Elf:1)
  A stone giant (Vaults:4)
  4 dire elephants (Lair:8)
  3 vault guards (D:14)
  An ice dragon (Vaults:3)
  Fannar (Orc:2)
  A yaktaur captain (Vaults:4)
  Erolcha (Orc:3)
  12 hydras
  2 ogre magi (Orc:4)
  2 catoblepae
  7 death yaks
  Urug (Orc:2)
  A fire crab (Lair:8)
  5 wandering mushrooms
  3 skeletal warriors (D:15)
  4 swamp dragons (Swamp:4)
  A necromancer (Elf:1)
  2 orc knights (Orc:4)
  A golden dragon skeleton (D:15)
  A lindwurm (Lair:8)
  A hornet (Vaults:1)
  2 deep elf conjurers (Elf:3)
  3 ugly things
  11 elephants
  A griffon (Lair:5)
  2 vault sentinels
  7 black mambas
  2 gargoyles
  6 spiny frogs
  A torpor snail (Lair:8)
  6 komodo dragons
  A tengu conjurer (D:12)
  3 trolls
  A spriggan skeleton (D:15)
  6 two-headed ogres (Orc:4)
  3 deep elf priests
  A freezing wraith (Vaults:3)
  3 large abominations (Elf:1)
  A boulder beetle (Vaults:3)
  A slime creature (D:13)
  7 blink frogs
  A trapdoor spider (shapeshifter) (Elf:1)
  A deep elf mage (Elf:3)
  2 trapdoor spiders (D:12)
  Eustachio (D:5)
  17 yaks
  4 basilisks
  A deep elf fighter (Elf:3)
  4 wraiths (Orc:4)
  A fire bat (Lair:3)
  3 wolves
  4 wargs
  A fire elemental (Lair:3)
  A hippogriff (Lair:7)
  A vampire mosquito (Swamp:1)
  4 swamp worms
  3 spatial vortices (Orc:4)
  7 water moccasins
  A porcupine (Lair:7)
  A soldier ant (D:12)
  3 swamp drakes (Swamp:4)
  2 black bears
  A wasp (Swamp:1)
  2 ice beasts
  12 orc warriors
  A slave (D:5)
  2 phantoms
  13 ogres
  7 crocodiles
  2 giant frogs
  2 wights (D:10)
  An elf simulacrum (Vaults:3)
  A lava snake (Lair:3)
  7 orc priests
  2 worker ants
  A giant frog skeleton (D:12)
  4 centaur skeletons
  9 orc wizards
  3 adders
  17 river rats
  A shadow imp (D:5)
  A worm (D:4)
  2 giant geckos
  30 orcs
  A ball python (Lair:3)
  2 jackals
  6 giant spores
  5 hyperactive ballistomycetes
327 creatures vanquished.

Vanquished Creatures (others)
  4 thorn hunters
  A hydra (Swamp:4)
  A spriggan (Swamp:1)
  A deep elf knight (Elf:2)
  An orc knight (Vaults:1)
  2 swamp dragons (Swamp:4)
  A shambling mangrove (Lair:8)
  A deep elf conjurer (Elf:3)
  A wolf spider zombie (D:15)
  A spiny frog (Swamp:1)
  A slime creature (Swamp:1)
  8 bog bodies
  A trapdoor spider zombie (D:9)
  An insubstantial wisp (Swamp:1)
  3 swamp worms
  48 wandering mushrooms
  A swamp drake (Swamp:1)
  3 wasps
  A necrophage (D:8)
  A boulder beetle zombie (Vaults:2)
  26 ballistomycetes
  45 fungi
  8 giant spores
  6 hyperactive ballistomycetes (Elf:3)
  24 plants
  1474 toadstools
1665 creatures vanquished.

Grand Total: 3214 creatures vanquished

Notes
Turn   | Place    | Note
--------------------------------------------------------------
     0 | D:1      | M4edhros the Octopode Artificer began the quest for the Orb.
     0 | D:1      | Reached XP level 1. HP: 13/13 MP: 3/3
    19 | D:1      | Reached XP level 2. HP: 11/18 MP: 4/4
   617 | D:2      | Reached skill level 4 in Evocations
   704 | D:2      | Reached XP level 3. HP: 15/23 MP: 6/6
   710 | D:3      | Found a snail-covered altar of Cheibriados.
  1019 | D:3      | Noticed Terence
  1166 | D:3      | Killed Terence
  1166 | D:3      | Reached XP level 4. HP: 13/28 MP: 7/7
  1461 | D:4      | Noticed a phantom
  1513 | D:4      | Reached skill level 5 in Evocations
  1828 | D:4      | Reached XP level 5. HP: 33/33 MP: 8/8
  1913 | D:4      | Found a deep blue altar of Sif Muna.
  1941 | D:4      | Noticed a phantom
  1949 | D:5      | Entered Level 5 of the Dungeon
  1999 | D:5      | Found a glowing drain.
  2008 | D:5      | Reached skill level 5 in Stealth
  2027 | Sewer    | Entered a sewer
  2049 | Sewer    | Noticed Purgy
  2063 | Sewer    | Killed Purgy
  2063 | Sewer    | Reached XP level 6. HP: 16/38 MP: 8/10
  2090 | Sewer    | Reached skill level 6 in Stealth
  2537 | D:5      | Found a glowing golden altar of the Shining One.
  2548 | D:5      | HP: 1/38 [water moccasin skeleton (3)]
  2981 | D:6      | Found Suturr's Jewellery Boutique.
  3093 | D:6      | Found a staircase to the Ecumenical Temple.
  3106 | Temple   | Entered the Ecumenical Temple
  3231 | Temple   | Became a worshipper of Fedhas Madash
  3260 | D:6      | Reached XP level 7. HP: 43/43 MP: 11/11
  3262 | D:6      | Reached skill level 7 in Stealth
  3785 | D:3      | Found an ancient bone altar of Kikubaaqudgha.
  4191 | D:3      | Reached * piety under Fedhas
  4235 | D:3      | Reached skill level 8 in Stealth
  4241 | D:3      | Found an iron altar of Okawaru.
  4678 | D:2      | Found a glowing silver altar of Zin.
  5597 | D:4      | Reached XP level 8. HP: 43/48 MP: 11/13
  5843 | D:4      | Reached skill level 1 in Slings
  5962 | D:5      | Reached skill level 1 in Invocations
  5966 | D:5      | Noticed Sigmund
  5966 | D:5      | Noticed Pikel
  5971 | D:5      | Killed Sigmund
  6130 | D:5      | Killed Pikel
  6130 | D:5      | Reached skill level 9 in Stealth
  6246 | D:5      | Reached XP level 9. HP: 53/53 MP: 15/15
  6927 | D:5      | Noticed Menkaure
  6937 | D:5      | Killed Menkaure
  7004 | D:5      | Noticed Eustachio
  7021 | D:5      | Reached skill level 5 in Slings
  7131 | D:5      | Killed Eustachio
  7228 | D:6      | Reached ** piety under Fedhas
  7424 | D:6      | Reached skill level 10 in Stealth
  7497 | D:6      | Found a burning altar of Makhleb.
  7622 | D:6      | Found a radiant altar of Vehumet.
  7693 | D:6      | Found a white marble altar of Elyvilon.
  7693 | D:6      | Found a sacrificial altar of Ru.
  7979 | D:7      | Noticed Joseph
  8020 | D:7      | Killed Joseph
  8020 | D:7      | Reached XP level 10. HP: 21/58 MP: 8/16
  8457 | D:8      | Noticed Grum
  8477 | D:8      | Killed Grum
  8477 | D:8      | Reached skill level 5 in Dodging
  8723 | D:8      | Reached skill level 5 in Invocations
  8860 | D:8      | Noticed Gastronok
  8913 | D:8      | Killed Gastronok
  8953 | D:8      | Found a shimmering altar of Xom.
  9103 | D:8      | Fell from the grace of Fedhas
  9103 | D:8      | Became a worshipper of Xom of Unknown Intention
  9118 | D:8      | XOM: potion effect (brilliance)
  9123 | D:8      | XOM: divination: detect items
  9130 | D:8      | Killed a wandering mushroom
  9137 | D:8      | Killed a wandering mushroom
  9148 | D:8      | XOM is BORED!
  9148 | D:8      | XOM: give mutation
  9148 | D:8      | Gained mutation: Your mind is acute. (Int +2) [Xom's mischief]
  9183 | D:8      | XOM: confuse monster(s)
  9251 | D:8      | Reached skill level 11 in Stealth
  9275 | D:8      | XOM: enchant monster (good)
  9290 | D:8      | Found a stormy altar of Qazlal.
  9463 | Temple   | Fell from the grace of Xom
  9463 | Temple   | Became a worshipper of Fedhas Madash
  9696 | D:8      | XOM: summons 9 hostile demons
  9843 | D:8      | XOM: summons 4 hostile shadow creatures
 10174 | D:8      | XOM: medium Air miscast
 10200 | D:9      | Reached XP level 11. HP: 59/63 MP: 18/18
 10294 | D:9      | Found a shadowy altar of Dithmenos.
 10383 | D:9      | Reached skill level 10 in Evocations
 10393 | D:9      | Found a sacrificial altar of Ru.
 10520 | D:9      | Found Vekhlo Xairo's Armour Boutique.
 10663 | D:9      | Gained mutation: Your body sometimes deteriorates upon taking damage. [mutagenic meat]
 10665 | D:9      | Gained mutation: Potions and wands are less effective at restoring your health. [mutagenic meat]
 10666 | D:9      | Lost mutation: Your body sometimes deteriorates upon taking damage. [mutagenic meat]
 10667 | D:9      | Gained mutation: Your magical capacity is low (-10% MP). [mutagenic meat]
 11420 | D:10     | Entered Level 10 of the Dungeon
 11711 | D:10     | Found Nuofuupt's Jewellery Shoppe.
 11840 | D:10     | Found a staircase to the Lair.
 12263 | D:10     | XOM: noise
 12520 | D:11     | Noticed an eight-headed hydra
 12532 | D:11     | Killed an eight-headed hydra
 12532 | D:11     | Reached skill level 12 in Stealth
 12626 | D:11     | XOM: 1-stop teleportation journey
 13411 | D:11     | Noticed a hill giant
 13411 | D:11     | XOM: polymorph wandering mushroom -> thorn hunter
 13421 | D:11     | Killed a hill giant
 13476 | D:11     | XOM: noise
 13695 | D:11     | Reached skill level 10 in Slings
 13833 | D:12     | Reached XP level 12. HP: 68/68 MP: 17/17
 13962 | D:12     | Found a staircase to the Orcish Mines.
 14199 | D:12     | XOM: polymorph wandering mushroom -> shambling mangrove
 14538 | D:12     | XOM: medium Ice miscast
 14638 | D:12     | XOM: mild Ice miscast
 14680 | D:12     | XOM: polymorph wandering mushroom -> shambling mangrove
 14908 | Orc:1    | Entered Level 1 of the Orcish Mines
 14908 | Orc:1    | Found Pecworeh's General Store.
 14908 | Orc:1    | Found Noprapri's Distillery.
 15047 | Orc:1    | Bought a potion of heal wounds for 75 gold pieces
 15081 | Orc:1    | Found Okogoett's Antique Armour Shop.
 15099 | Orc:1    | Found Rarawitz's Magic Scroll Boutique.
 15120 | Orc:1    | Reached *** piety under Fedhas
 15128 | Orc:1    | XOM: mild Hex miscast
 15167 | Orc:1    | Bought a scroll of enchant weapon for 112 gold pieces
 15209 | Orc:1    | Found a frozen archway.
 15212 | Orc:1    | Reached skill level 13 in Stealth
 15255 | Orc:1    | Found Epainat's Armour Shop.
 15285 | Orc:1    | XOM: mild Chrm miscast
 15308 | IceCv    | Entered an ice cave
 16816 | IceCv    | HP: 1/68 [ice beast[an ice statue] (6)]
 17458 | IceCv    | Got a warped hunting sling
 17459 | IceCv    | Identified the +9 hunting sling of Untruth {velocity, rPois} (You found it in an ice cave)
 17461 | IceCv    | Got a twisted longbow
 17521 | Orc:1    | XOM: mild Conj miscast
 17858 | Orc:1    | Found a roughly hewn altar of Beogh.
 17859 | Orc:1    | Bought a +0 large shield for 58 gold pieces
 18120 | Orc:2    | Noticed Urug
 18129 | Orc:2    | Killed Urug
 18158 | Orc:2    | Reached skill level 1 in Shields
 18491 | Orc:2    | Noticed Fannar
 18506 | Orc:2    | Killed Fannar
 18509 | Orc:2    | Reached **** piety under Fedhas
 18608 | Orc:2    | Found a roughly hewn altar of Beogh.
 18836 | Orc:2    | XOM: medium Conj miscast
 18998 | Orc:3    | Noticed Snorg
 19004 | Orc:3    | Killed Snorg
 19152 | Orc:3    | Reached ***** piety under Fedhas
 19321 | Orc:4    | Entered Level 4 of the Orcish Mines
 19409 | Orc:4    | Noticed Josephine
 19413 | Orc:4    | Killed Josephine
 19467 | Orc:4    | Noticed an ogre mage
 19474 | Orc:4    | Killed an ogre mage
 19474 | Orc:4    | Reached XP level 13. HP: 72/72 MP: 18/18
 19561 | Orc:4    | Reached skill level 5 in Shields
 19622 | Orc:4    | XOM: mild Tloc miscast
 19681 | Orc:4    | Found Muotz's Antique Armour Shoppe.
 19682 | Orc:4    | Found Ifotrug's Assorted Antiques.
 19688 | Orc:4    | XOM: medium Summ miscast
 19697 | Orc:4    | Found Amiusefu's Antique Armour Boutique.
 19697 | Orc:4    | Found Goaxu's Distillery.
 19722 | Orc:4    | Bought a potion of heal wounds for 80 gold pieces
 19722 | Orc:4    | Bought a potion of heal wounds for 80 gold pieces
 19723 | Orc:4    | Bought a shiny shield for 144 gold pieces
 20061 | Orc:4    | Found a roughly hewn altar of Beogh.
 20157 | Orc:4    | Found a staircase to the Elven Halls.
 20190 | Orc:4    | Noticed an orc warlord
 20206 | Orc:4    | Killed an orc warlord
 20515 | Orc:3    | Noticed Erolcha
 20520 | Orc:3    | Killed Erolcha
 20520 | Orc:3    | Reached skill level 14 in Stealth
 20579 | Orc:3    | XOM: give mutations
 20579 | Orc:3    | Lost mutation: Your magical capacity is low (-10% MP). [Xom's mischief]
 20579 | Orc:3    | Gained mutation: Your flesh is cold resistant. [Xom's mischief]
 20579 | Orc:3    | Gained mutation: Scrolls take you a little longer to read. [Xom's mischief]
 20579 | Orc:3    | Lost mutation: Scrolls take you a little longer to read. [Xom's mischief]
 20755 | Orc:3    | Reached ****** piety under Fedhas
 20915 | Lair:1   | Entered Level 1 of the Lair of Beasts
 21315 | Lair:1   | XOM: noise
 21786 | Lair:2   | XOM: summons 3 hostile shadow creatures
 22209 | Lair:2   | Identified the +9 longbow "Ipporhama" {freeze, *Corrode rPois MP+9 Int+9} (You found it in an ice cave)
 22518 | Lair:3   | Found a staircase to the Snake Pit.
 22697 | Lair:3   | Learned a level 3 spell: Recall
 22702 | Lair:3   | Learned a level 4 spell: Sticky Flame
 22710 | Lair:3   | Found a dark tunnel.
 22814 | Volcano  | Entered a volcano
 22846 | Volcano  | XOM: medium Trmt miscast
 23088 | Lair:3   | Reached skill level 1 in Summonings
 23234 | Lair:3   | XOM: stat loss: -1 Dex (11/12)
 23565 | Lair:3   | XOM: give mutations
 23565 | Lair:3   | Gained mutation: You are frail (-10% HP). [Xom's mischief]
 23565 | Lair:3   | Gained mutation: You are clumsy. (Dex -2) [Xom's mischief]
 23565 | Lair:3   | Lost mutation: You are clumsy. (Dex -2) [Xom's mischief]
 23565 | Lair:3   | Gained mutation: You are weak. (Str -2) [Xom's mischief]
 23714 | Lair:4   | Reached skill level 1 in Translocations
 23893 | Lair:4   | Reached XP level 14. HP: 71/71 MP: 21/21
 24280 | Lair:5   | XOM: summons 5 hostile demons
 24280 | Lair:5   | Was forgiven by Xom
 24296 | Lair:5   | Reached skill level 1 in Fire Magic
 24621 | Lair:5   | Reached skill level 1 in Spellcasting
 24621 | Lair:5   | Reached skill level 1 in Conjurations
 25526 | Lair:6   | Reached skill level 10 in Invocations
 25545 | Lair:6   | Found a runed door.
 25546 | Lair:6   | Found a viscous altar of Jiyva.
 25546 | Lair:6   | Noticed an azure jelly
 25587 | Lair:6   | Found a staircase to the Slime Pits.
 25941 | Lair:6   | Found a staircase to the Swamp.
 26198 | Lair:7   | Reached skill level 10 in Dodging
 27166 | Lair:8   | Entered Level 8 of the Lair of Beasts
 27429 | Lair:8   | Reached skill level 15 in Stealth
 28125 | Lair:8   | Reached XP level 15. HP: 69/74 MP: 22/22
 29138 | Lair:8   | Learned a level 2 spell: Shroud of Golubria
 29143 | Lair:8   | Learned a level 4 spell: Passage of Golubria
 29144 | Lair:8   | Upgraded the game from 0.18-a0-486-gab6c0bd to 0.18-a0-596-g6468885
 29159 | Lair:8   | Learned a level 1 spell: Apportation
 29163 | Lair:8   | Learned a level 3 spell: Portal Projectile
 29527 | D:10     | Bought an uncursed ring of wizardry for 390 gold pieces
 29527 | D:10     | Bought the ring "Zurak" {rElec MR++ EV+1 Dex-3 SInv} for 302 gold pieces
 30005 | D:13     | Gained mutation: You are very weak. (Str -4) [mutagenic meat]
 30006 | D:13     | Gained mutation: You tend to lose your temper in combat. [mutagenic meat]
 30263 | D:13     | Gained mutation: You can spit weak poison. [mutagenic meat]
 30264 | D:13     | Lost mutation: You are frail (-10% HP). [mutagenic meat]
 30265 | D:13     | Lost mutation: Potions and wands are less effective at restoring your health. [mutagenic meat]
 30413 | D:13     | Got a smoking mace
 30414 | D:13     | Identified the +5 mace "Pendulum" {flame, rC+ Int+7 Dex+4} (You found it on level 13 of the Dungeon)
 31184 | D:14     | Reached skill level 1 in Charms
 31368 | D:14     | Found a gate to the Vaults.
 31524 | D:14     | Reached skill level 5 in Conjurations
 31698 | D:15     | Entered Level 15 of the Dungeon
 31729 | D:15     | Gained mutation: You are partially covered in rough black scales (AC +4, Dex -1). [mutagenic meat]
 31730 | D:15     | Gained mutation: Your mind is very acute. (Int +4) [mutagenic meat]
 31917 | D:15     | Found a staircase to the Depths.
 32081 | D:15     | Reached skill level 5 in Fire Magic
 32818 | Swamp:1  | Entered Level 1 of the Swamp
 32823 | Swamp:1  | Noticed a thorn hunter
 33311 | Swamp:1  | Killed a thorn hunter
 33450 | Swamp:1  | Reached skill level 5 in Summonings
 33450 | Swamp:1  | Reached XP level 16. HP: 92/92 MP: 24/24
 34316 | Swamp:2  | Reached skill level 10 in Shields
 34465 | Swamp:2  | Learned a level 5 spell: Phase Shift
 34862 | Swamp:3  | Reached skill level 5 in Translocations
 35456 | Swamp:3  | Reached skill level 16 in Stealth
 35699 | Swamp:3  | Noticed Donald
 35767 | Swamp:4  | Entered Level 4 of the Swamp
 35807 | Swamp:4  | Noticed a thorn hunter
 35927 | Swamp:4  | Killed a thorn hunter
 35953 | Swamp:4  | Noticed Mara
 35999 | Swamp:4  | Killed a thorn hunter
 36168 | Swamp:4  | Reached skill level 5 in Spellcasting
 36181 | Swamp:4  | Killed Mara
 36328 | Swamp:4  | Got a decaying rune of Zot
 36851 | Swamp:3  | Gained mutation: You are partially covered in icy blue scales (AC +1). [mutagenic meat]
 36852 | Swamp:3  | Lost mutation: You are partially covered in icy blue scales (AC +1). [mutagenic meat]
 36853 | Swamp:3  | Gained mutation: One of your tentacles bears a spike. [mutagenic meat]
 37518 | Elf:1    | Entered Level 1 of the Elven Halls
 38238 | Elf:1    | Learned a level 3 spell: Passwall
 38267 | Elf:1    | Lost mutation: Your mind is very acute. (Int +4) [mutagenic meat]
 38268 | Elf:1    | Gained mutation: Your body sometimes deteriorates upon taking damage. [mutagenic meat]
 38660 | Elf:1    | Reached XP level 17. HP: 72/100 MP: 25/25
 38747 | Elf:1    | Identified Kikubaaqudgha's Grimoire of Necromancy
 38966 | Elf:2    | Noticed WhatIsLove's ghost (adept TrTm)
 38989 | Elf:2    | Noticed Roxanne
 39121 | Elf:2    | Noticed Nikola
 39207 | Elf:3    | Entered Level 3 of the Elven Halls
 39569 | Elf:3    | Identified a scroll of acquirement
 40291 | Elf:3    | Gained mutation: You are frail (-10% HP). [mutagenic meat]
 40292 | Elf:3    | Gained mutation: Your spells are a little harder to cast, but a little more powerful. [mutagenic meat]
 40349 | Elf:3    | Got a vibrating ivory ring
 40399 | Elf:3    | Noticed Louise
 40440 | Elf:3    | Killed Louise
 40799 | Elf:3    | HP: 4/90 [large abomination[a deep elf priest] (26)]
 41068 | Elf:3    | Noticed a deep elf blademaster
 41068 | Elf:3    | Noticed a deep elf master archer
 41086 | Elf:3    | Noticed a Hell Sentinel
 41094 | Elf:3    | Reached skill level 5 in Fighting
 41144 | Elf:3    | Noticed an Ice Fiend
 41511 | Elf:3    | Noticed a deep elf master archer
 41683 | Elf:3    | Killed a deep elf master archer
 41700 | Elf:3    | Killed a deep elf blademaster
 41724 | Elf:3    | Reached skill level 5 in Charms
 42054 | Elf:3    | Reached XP level 18. HP: 84/97 MP: 29/29
 42072 | Elf:3    | Noticed an Ice Fiend
 42600 | Elf:3    | Identified Sif Muna's Incunabulum of Sinister Arts
 42608 | Elf:3    | Identified the ring "Juky" {Fire rElec} (You took it off a deep elf priest on level 3 of the Elven Halls)
 42684 | Elf:3    | Got a scintillating iron amulet
 42763 | Elf:3    | Identified the amulet "Usules" {Faith rF+} (You took it off a deep elf demonologist on level 3 of the Elven Halls)
 42857 | Elf:3    | Got a crude turquoise ring
 42883 | Elf:3    | Identified the ring of Untruth {rF+ rC+ AC+3 Dex+3 Stlth+} (You took it off a deep elf annihilator on level 3 of the Elven Halls)
 43301 | Elf:2    | Reached skill level 1 in Earth Magic
 43314 | Elf:2    | Identified a -2 rod of clouds (12/12) (You found it on level 3 of the Elven Halls)
 43340 | Elf:2    | Reached skill level 1 in Transmutations
 43408 | Elf:2    | Found Quusm's Antique Weapon Shop.
 43418 | Elf:2    | Bought a steaming blowgun for 195 gold pieces
 43418 | Elf:2    | Identified the +9 blowgun "Killer Bee's Death" {speed, +Blink rN+ Str+5} (You bought it in a shop on level 2 of the Elven Halls)
 43506 | Elf:2    | Found a runed gate.
 43506 | Elf:2    | Found a runed gate.
 43521 | Elf:2    | Found a runed gate.
 44176 | Elf:2    | HP: 4/99 [scimitar of protection (16)]
 44621 | Vaults:1 | Entered Level 1 of the Vaults
 44672 | Vaults:1 | Gained mutation: You are very frail (-20% HP). [mutagenic meat]
 44963 | Vaults:1 | Paralysed by a hornet for 3 turns
 44967 | Vaults:1 | Paralysed by a hornet for 2 turns
 45289 | Vaults:1 | Lost mutation: Your spells are a little harder to cast, but a little more powerful. [mutagenic meat]
 45292 | Vaults:1 | Gained mutation: Your mind is very acute. (Int +4) [mutagenic meat]
 46574 | Vaults:1 | Reached XP level 19. HP: 92/92 MP: 31/31
 46747 | Vaults:1 | Lost mutation: Your body sometimes deteriorates upon taking damage. [mutagenic meat]
 46999 | Vaults:1 | Lost mutation: You can spit weak poison. [mutagenic meat]
 47001 | Vaults:1 | Gained mutation: You are partially covered in slimy green scales (AC +2). [mutagenic meat]
 47236 | Vaults:2 | Lost mutation: One of your tentacles bears a spike. [mutagenic meat]
 47238 | Vaults:2 | Gained mutation: You are resistant to hostile enchantments. [mutagenic meat]
 47239 | Vaults:2 | Gained mutation: Scrolls take you a little longer to read. [mutagenic meat]
 47250 | Vaults:2 | Found Pilest's Weapon Emporium.
 47359 | Vaults:2 | Found Voifyubb's Antique Armour Shoppe.
 47922 | Vaults:2 | Reached skill level 5 in Earth Magic
 47963 | Vaults:2 | Lost mutation: Scrolls take you a little longer to read. [mutagenic meat]
 47965 | Vaults:2 | Lost mutation: You are resistant to hostile enchantments. [mutagenic meat]
 47972 | Vaults:2 | Gained mutation: You are extremely frail (-30% HP). [mutagenic meat]
 47973 | Vaults:2 | Lost mutation: Your mind is very acute. (Int +4) [mutagenic meat]
 47982 | Vaults:2 | Gained mutation: You passively map a small area around you. [mutagenic meat]
 48962 | Vaults:3 | Reached skill level 5 in Transmutations
 50488 | Vaults:3 | Found a staircase to the Crypt.
 50907 | Vaults:3 | Reached skill level 10 in Spellcasting
 51103 | Vaults:3 | Reached XP level 20. HP: 75/84 MP: 34/34
 51118 | Vaults:3 | Lost mutation: You tend to lose your temper in combat. [mutagenic meat]
 51121 | Vaults:3 | Gained mutation: You are agile. (Dex +2) [mutagenic meat]
 51171 | Vaults:4 | Found Baetiam's Book Shop.
 51207 | Vaults:4 | Bought a book of the Earth for 1365 gold pieces
 51214 | Vaults:4 | Learned a level 6 spell: Statue Form
 51221 | Vaults:4 | Learned a level 6 spell: Iron Shot
 51836 | Vaults:4 | Found Vaoritti's General Store.
 52150 | Vaults:4 | Identified the Almanac of Boosts and the Glacier
 52725 | Vaults:4 | HP: 1/84 [fire giant/great sword of flaming (24)]
 52725 | Vaults:4 | Slain by a fire giant

Vault maps used:
D:1:      minmay_arrival_semitransparent
D:2:      marbit_many_paths
D:3:      lemuel_crystal_altar, lemuel_doored_altar, old_standard_altar,
          uniq_terence
D:4:      led_sif_pool, first_bread
D:5:      tso_oasis_becter, portal_sewer_entry_f, uniq_eustachio, uniq_menkaure,
          uniq_sigmund, uniq_pikel
D:6:      vehumet_statue, gammafunk_temple_overflow_elements,
          makhleb_heckhound_becter, temple_hall, serial_shops, shop_fountains
D:7:      uniq_joseph
D:8:      lemuel_crystal_altar, old_standard_altar, uniq_grum, uniq_gastronok
D:9:      grunt_dithmenos_smoke_and_mirrors, serial_shops,
          kennysheep_little_box, basic_altar
D:10:     erik_lair_orcish_takeover, serial_shops, nicolae_shop_statue_plus
D:12:     orc_0_dummy, grunt_tengu_nest
D:13:     eino_small_chamber_without_monster
D:14:     erik_vaults_2, hex_medium
D:15:     gammafunk_depths_entry_grave, serial_shops, shop, hex_tiny,
          fedhas_altar_1
Temple:   circular_temple_6
Lair:1:   beast_lair_carwin_3
Lair:3:   minmay_snake_entry_six_corridors, nicolae_volcano_entry_lava_flow,
          serial_bayou_shore_a
Lair:4:   minmay_stone_trees_small, hangedman_lair_unloving_vines,
          infiniplex_staircase_pool
Lair:6:   nicolae_swamp_entry_splash_gauntlet, slime_altar_2,
          bh_autumn_forest_stairs
Lair:7:   serial_bayou_shore_b
Lair:8:   due_jungle_book
Swamp:1:  cheibrodos_swamp_tower_of_moss, evilmike_swamp_ruin_house_1,
          swamp_pool1
Swamp:2:  evilmike_swamp_ruin_house_2
Swamp:3:  hangedman_swamp_ruin_wall, swamp_pool4, statue_in_the_mist_lemuel,
          uniq_donald
Swamp:4:  swamp, swamp_pool3, uniq_mara
Orc:1:    portal_ice_cave_entry_pillars_01, basic_altar, serial_shops, shop,
          shop, shop_fountains, shop, shop
Orc:2:    basic_altar, uniq_urug, uniq_fannar
Orc:3:    nicolae_orc_pool_cavern, uniq_erolcha, uniq_snorg
Orc:4:    st_orc_ogre_mass, nicolae_orc_lost_temple, uniq_josephine
Elf:1:    kennysheep_six_static_rooms, minmay_elf_necromancy
Elf:2:    serial_shops, shop_statue, uniq_roxanne, uniq_nikola
Elf:3:    grunt_elf_hall_branching, basic_stair_grate_trap, uniq_louise
Vaults:1: vaults_room_semicircle, nicolae_vaults_mini_display_case,
          ontoclasm_vaults_pinch, nicolae_vaults_border_crossing,
          v_alt_pattern_1, nicolae_vaults_shelves_hall,
          nicolae_vaults_windows_and_doors_thing, v_misc_31,
          hangedman_vaults_capsules, ontoclasm_vaults_eye
Vaults:2: vaults_dpeg_ring, v_misc_8, vaults_room_door_hall,
          ontoclasm_vaults_ring_square, vaults_room_pools,
          dpeg_vaults_monster_box, v_misc_26, serial_shops,
          nicolae_shop_statue_plus
Vaults:3: hangedman_vaults_hard_town_square, v_misc_22,
          ontoclasm_vaults_decontamination, vaults_mumra_chevron,
          hangedman_vaults_trim, v_misc_22, minmay_crypt_entry_vampire_xt,
          v_rooms_4, v_misc_28, v_misc_33, v_misc_23, ontoclasm_vaults_chip
Vaults:4: hangedman_vaults_trim, vaults_mumra_minichess, vaults_room_door_hall,
          hangedman_vaults_cutoff, v_rooms_6, st_hourglassy,
          nicolae_vaults_theta, v_misc_24, nicolae_vaults_theta,
          ontoclasm_vaults_hangar, serial_shops, shop, nicolae_shop_trees
Sewer:    kennysheep_door_sewer
IceCv:    ice_cave_statue_garden_02
Volcano:  volcano_overflow

Action                   |  1- 3 |  4- 6 |  7- 9 | 10-12 | 13-15 | 16-18 | 19-21 || total
-------------------------+-------+-------+-------+-------+-------+-------+-------++-------
Melee: Short sword       |    51 |    92 |    74 |       |       |       |       ||   217
       Dagger            |       |       |    88 |    92 |    12 |   144 |    60 ||   396
       Hunting sling     |       |       |       |     3 |       |       |       ||     3
       Rapier            |       |       |       |    20 |    12 |       |       ||    32
       Demon blade       |       |       |       |       |       |    39 |     6 ||    45
 Fire: Hunting sling     |       |       |   159 |  1344 |  1822 |  1821 |  1004 ||  6150
       Greatsling        |       |       |       |       |     5 |       |       ||     5
       Blowgun           |       |       |       |       |       |     1 |       ||     1
Throw: Throwing net      |       |       |       |     1 |       |       |       ||     1
       Stone             |       |       |       |       |       |       |     9 ||     9
 Cast: Phase Shift       |       |       |       |       |       |    19 |    11 ||    30
       Shroud of Golubri |       |       |       |       |       |     3 |       ||     3
       Portal Projectile |       |       |       |       |       |    15 |     1 ||    16
       Sticky Flame      |       |       |       |       |       |     2 |       ||     2
Invok: Evolution         |       |       |     4 |    15 |    17 |    32 |    11 ||    79
       Sunlight          |       |       |       |     4 |       |     5 |       ||     9
       Reproduction      |       |       |       |     2 |     1 |    11 |       ||    14
       Rain              |       |       |       |     1 |       |     6 |       ||     7
       Growth            |       |       |       |       |       |     3 |       ||     3
 Abil: Evoke Teleportati |       |       |       |       |       |     7 |     2 ||     9
Evoke: Wand              |     2 |    12 |     9 |    16 |    10 |    40 |     1 ||    90
       Rod               |       |       |       |       |       |    25 |    52 ||    77
       Fan of gales      |       |       |       |       |       |       |     2 ||     2
       Lamp of fire      |       |       |       |       |       |       |     2 ||     2
  Use: Potion            |       |     5 |       |    12 |     7 |    16 |     4 ||    44
       Scroll            |       |     2 |    11 |    15 |    18 |    26 |     4 ||    76
 Stab: Sleeping          |     8 |    11 |    29 |     7 |     3 |    26 |     8 ||    92
       Invisible         |       |     1 |       |       |       |       |       ||     1
       Confused          |       |       |     1 |       |       |     1 |       ||     2
       Distracted        |       |       |     1 |     2 |     1 |       |       ||     4
       Petrifying        |       |       |       |     1 |       |       |       ||     1
       Petrified         |       |       |       |     1 |       |       |       ||     1
       Paralysed         |       |       |       |       |     1 |       |       ||     1
  Eat: Chunk             |       |     7 |       |     6 |    12 |    21 |    47 ||    93
       Meat ration       |       |       |     2 |     6 |     3 |     4 |     1 ||    16
       Pizza             |       |       |     1 |       |       |     1 |     3 ||     5
       Beef jerky        |       |       |     1 |     2 |     2 |     2 |     1 ||     8
       Bread ration      |       |       |     1 |       |     6 |     8 |     5 ||    20
